[Event "ONJK-A 2019"]
[Site "Borne"]
[Date "2019.08.07"]
[Round "4.9"]
[White "Vleming, Stefan"]
[Black "De Vries, Tobias"]
[Result "1/2-1/2"]
[ECO "A52"]
[WhiteElo "1760"]
[BlackElo "1868"]
[Annotator "NA"]
[PlyCount "117"]
[EventDate "2019.08.05"]
[EventType "swiss"]
[EventCountry "NED"]
[SourceTitle "playchess.com"]
[Source "ChessBase"]
[SourceQuality "1"]
[TimeControl "5400+30"]

1. d4 Nf6 2. c4 e5 3. dxe5 Ng4 4. Nf3 Bc5 5. e3 Nc6 6. Be2 O-O 7. O-O Re8 8. b3 Ngxe5 9. Bb2 d6 10. Nc3 a5 11. Qd2 Ng4 12. Rad1 Nxe3 13. Nd5 Nxd1 14. Rxd1 f6 15. Bd3 Ne5 16. Bxe5 Rxe5 17. Nxe5 fxe5 18. Qe2 g6 19. Qf3 Kg7 20. Nc3 Qf8 21. Qxf8+ Kxf8 22. Ne4 Bd4 23. Nf6 h5 24. Nd5 Bg4 25. Re1 c6 26. Nf6 Be6 27. Ne4 Ke7 28. Ng5 Bf5 29. Bxf5 gxf5 30. Nf3 Kf6 31. Nxd4 exd4 32. f4 Rd8 33. Rd1 c5 34. Re1 Rd7 35. Kf2 Re7 36. Rxe7 Kxe7 37. a4 h4 38. h3 d5 39. Ke2 Kd6 40. Kd3 b6 41. Kd2 b5 42. cxb5 c4 43. bxc4 dxc4 44. Kc2 Kc5 45. Kd2 d3 46. Kc3 Kd5 47. Kd2 Kd4 48. b6 c3+ 49. Kd1 Ke3 50. b7 c2+ 51. Kc1 Ke2 52. b8=Q d2+ 53. Kxc2 d1=Q+ 54. Kb2 Qd2+ 55. Kb3 Qd1+ 56. Kb2 Qd2+ 57. Kb3 Qd5+ 58. Kc3 Qd2+ 59. Kb3 1/2-1/2

[Event "ONJK-A 2019"]
[Site "Borne"]
[Date "2019.08.07"]
[Round "4.10"]
[White "Boudry, William"]
[Black "Brachmann, Jules"]
[Result "1-0"]
[ECO "D06"]
[WhiteElo "2033"]
[BlackElo "1152"]
[Annotator "NA"]
[PlyCount "23"]
[EventDate "2019.08.05"]
[EventType "swiss"]
[EventCountry "NED"]
[SourceTitle "playchess.com"]
[Source "ChessBase"]
[SourceQuality "1"]
[TimeControl "5400+30"]

1. d4 d5 2. Bf4 Bf5 3. c4 e6 4. Nc3 Nf6 5. e3 a6 6. Qb3 b6 7. Nf3 Nc6 8. Qa4 Qd7 9. c5 Be7 10. Bb5 axb5 11. Qxa8+ Nd8 12. Ne5 1-0

[Event "ONJK-A 2019"]
[Site "Borne"]
[Date "2019.08.07"]
[Round "4.11"]
[White "Segers, Job"]
[Black "Vitharana, Annelies"]
[Result "0-1"]
[ECO "B13"]
[WhiteElo "1618"]
[BlackElo "1768"]
[Annotator "NA"]
[PlyCount "66"]
[EventDate "2019.08.05"]
[EventType "swiss"]
[EventCountry "NED"]
[SourceTitle "playchess.com"]
[Source "ChessBase"]
[SourceQuality "1"]
[TimeControl "5400+30"]

1. e4 c6 2. d4 d5 3. exd5 cxd5 4. Bd3 Nf6 5. c3 Nc6 6. Bf4 Bg4 7. Qb3 Na5 8. Qa4+ Bd7 9. Qc2 e6 10. Nf3 Be7 11. O-O O-O 12. Qe2 Rc8 13. Nbd2 a6 14. Ne5 b5 15. Rac1 Nc4 16. Ndf3 h6 17. g4 Nd6 18. g5 Nh5 19. Bd2 hxg5 20. Nxg5 Nf6 21. Qf3 Be8 22. Kh1 Nde4 23. Nxe4 dxe4 24. Bxe4 Nxe4 25. Qxe4 f6 26. Nf3 Bc6 27. Qxe6+ Rf7 28. Qg4 f5 29. Qg3 Qd5 30. Kg2 Rf6 31. h4 Rg6 32. Qxg6 Qxf3+ 33. Kh2 Bd6+ 0-1

[Event "ONJK-A 2019"]
[Site "Borne"]
[Date "2019.08.07"]
[Round "4.12"]
[White "Nies, Levi"]
[Black "Hofstra, Tijmen"]
[Result "0-1"]
[ECO "B03"]
[WhiteElo "1516"]
[BlackElo "1732"]
[Annotator "NA"]
[PlyCount "74"]
[EventDate "2019.08.05"]
[EventType "swiss"]
[EventCountry "NED"]
[SourceTitle "playchess.com"]
[Source "ChessBase"]
[SourceQuality "1"]
[TimeControl "5400+30"]

1. e4 Nf6 2. e5 Nd5 3. c4 Nb6 4. d4 d6 5. f4 dxe5 6. fxe5 Bf5 7. Nf3 e6 8. Nc3 c5 9. Be3 N8d7 10. Nb5 cxd4 11. Bxd4 Bb4+ 12. Bc3 Bxc3+ 13. Nxc3 O-O 14. Be2 Bg4 15. Nd4 Bxe2 16. Qxe2 Qh4+ 17. Qf2 Qxf2+ 18. Kxf2 Nxe5 19. b3 Rad8 20. Rad1 Ng4+ 21. Ke2 g6 22. c5 Nd5 23. Nxd5 Rxd5 24. h3 Nf6 25. b4 Rfd8 26. Nb5 a6 27. Nd6 b6 28. Nc4 bxc5 29. bxc5 Rc8 30. Nd6 Rcxc5 31. Rhf1 Rc2+ 32. Ke3 Rxd1 33. Rxd1 Rxg2 34. Kf3 Rxa2 35. Nb7 Nd5 36. Nc5 Ra3+ 37. Nd3 Nb4 0-1

[Event "ONJK-A 2019"]
[Site "Borne"]
[Date "2019.08.07"]
[Round "5.1"]
[White "Maerevoet, Sim"]
[Black "Hilwerda, Jonas"]
[Result "1/2-1/2"]
[ECO "E70"]
[WhiteElo "2321"]
[BlackElo "2275"]
[Annotator "NA"]
[PlyCount "81"]
[EventDate "2019.08.05"]
[EventType "swiss"]
[EventCountry "NED"]
[SourceTitle "playchess.com"]
[Source "ChessBase"]
[SourceQuality "1"]
[TimeControl "5400+30"]

1. d4 Nf6 2. c4 g6 3. Nc3 Bg7 4. e4 d6 5. Bd3 O-O 6. Nge2 e5 7. d5 Nh5 8. O-O f5 9. exf5 gxf5 10. f3 a5 11. a3 Nd7 12. Be3 Nc5 13. Bc2 Qh4 14. Rb1 a4 15. Nxa4 Nxa4 16. Bxa4 Qxc4 17. Bb3 Qh4 18. f4 Bd7 19. Rc1 Rac8 20. Qd2 Bb5 21. Bc4 Bxc4 22. Rxc4 Nf6 23. h3 Ne4 24. Qc2 Rf7 25. Bb6 Bh6 26. fxe5 dxe5 27. d6 c5 28. Qd3 Rcf8 29. d7 Bg5 30. Qd5 Qh5 31. Rc2 Bd8 32. Bxc5 Nxc5 33. Qxc5 Rxd7 34. Qxe5 Re7 35. Qd5+ Qf7 36. Rxf5 Qxd5 37. Rxd5 Bb6+ 38. Kh2 Bc7+ 39. Kg1 Bb6+ 40. Kh2 Bc7+ 41. Kg1 1/2-1/2

[Event "ONJK-A 2019"]
[Site "Borne"]
[Date "2019.08.07"]
[Round "5.2"]
[White "Baselmans, Luuk"]
[Black "Noordenbos, Daan"]
[Result "1/2-1/2"]
[ECO "C06"]
[WhiteElo "2212"]
[BlackElo "2042"]
[Annotator "NA"]
[PlyCount "89"]
[EventDate "2019.08.05"]
[EventType "swiss"]
[EventCountry "NED"]
[SourceTitle "playchess.com"]
[Source "ChessBase"]
[SourceQuality "1"]
[TimeControl "5400+30"]

1. e4 e6 2. d4 d5 3. Nd2 Nf6 4. e5 Nfd7 5. Bd3 c5 6. c3 Nc6 7. Ne2 cxd4 8. cxd4 f6 9. exf6 Nxf6 10. Nf3 Bd6 11. O-O O-O 12. Bf4 Bxf4 13. Nxf4 Ne4 14. Qc1 Ng5 15. Nxg5 Qxg5 16. Bxh7+ Kxh7 17. Nxe6 Qxc1 18. Nxf8+ Kg8 19. Raxc1 Kxf8 20. Rfe1 Bf5 21. Rc3 Re8 22. Rxe8+ Kxe8 23. Rc1 Kf7 24. f3 Kf6 25. g4 Bd7 26. Rd1 Kg5 27. Kf2 Kf4 28. h4 g6 29. Re1 Nxd4 30. Re7 Bc6 31. Rg7 Nxf3 32. h5 Ne5 33. Ke2 Nxg4 34. Rxg6 Be8 35. Rg7 b5 36. Rxa7 Bxh5 37. Rb7 Ne5+ 38. Kd2 Be8 39. b3 Ke4 40. a4 bxa4 41. bxa4 Nc4+ 42. Kc3 Bxa4 43. Rb4 Bc6 44. Rxc4+ dxc4 45. Kxc4 1/2-1/2

[Event "ONJK-A 2019"]
[Site "Borne"]
[Date "2019.08.07"]
[Round "5.3"]
[White "De Bock, Thijs"]
[Black "Shakhverdian, William"]
[Result "1/2-1/2"]
[ECO "A23"]
[WhiteElo "1870"]
[BlackElo "2001"]
[Annotator "NA"]
[PlyCount "76"]
[EventDate "2019.08.05"]
[EventType "swiss"]
[EventCountry "NED"]
[SourceTitle "playchess.com"]
[Source "ChessBase"]
[SourceQuality "1"]
[TimeControl "5400+30"]

1. c4 e5 2. g3 Nf6 3. Bg2 Bc5 4. Nc3 c6 5. Nf3 e4 6. Ng5 d5 7. cxd5 cxd5 8. d3 h6 9. Nh3 O-O 10. O-O Bf5 11. Nf4 Nc6 12. Qa4 exd3 13. exd3 d4 14. Ne4 Bxe4 15. dxe4 Re8 16. Nd3 Bb6 17. Re1 Ng4 18. Bf4 Nge5 19. Nxe5 Nxe5 20. Rad1 Rc8 21. Bxe5 Rxe5 22. Rd3 Qc7 23. f4 Ra5 24. Qb3 Qc2 25. e5 Qxb3 26. axb3 Rc2 27. f5 Kf8 28. Bxb7 Rxb2 29. g4 Rc5 30. h4 Rc3 31. e6 Ke7 32. exf7+ Kxf7 33. Bd5+ Kf8 34. Red1 Rxd3 35. Rxd3 Bd8 36. Kh1 Bf6 37. g5 hxg5 38. hxg5 Bxg5 1/2-1/2

[Event "ONJK-A 2019"]
[Site "Borne"]
[Date "2019.08.07"]
[Round "5.4"]
[White "Ypma, Jord"]
[Black "Albers, Sasa"]
[Result "1-0"]
[ECO "A56"]
[WhiteElo "1968"]
[BlackElo "1889"]
[Annotator "NA"]
[PlyCount "103"]
[EventDate "2019.08.05"]
[EventType "swiss"]
[EventCountry "NED"]
[SourceTitle "playchess.com"]
[Source "ChessBase"]
[SourceQuality "1"]
[TimeControl "5400+30"]

1. d4 Nf6 2. c4 c5 3. d5 e5 4. Nc3 d6 5. e4 Be7 6. Nf3 O-O 7. Be2 Ne8 8. O-O g6 9. Bh6 Ng7 10. Qd2 f5 11. Ng5 f4 12. h4 Bxg5 13. Bxg5 Qe8 14. Rfe1 a6 15. g3 f3 16. Bf1 Nh5 17. Be3 Nd7 18. a3 Ndf6 19. b4 b6 20. Rab1 Ng4 21. Rec1 Qf7 22. Nd1 Nxe3 23. Qxe3 Qe7 24. Qg5 Qd7 25. bxc5 bxc5 26. Rb6 Kg7 27. Rcb1 h6 28. Qe3 Nf4 29. Kh2 g5 30. Rc6 Ng2 31. Bxg2 fxg2 32. Kxg2 Qh3+ 33. Kg1 Bg4 34. Rb7+ Rf7 35. Rxf7+ Kxf7 36. Rxd6 Bxd1 37. Qxc5 Qc8 38. Rc6 Qf8 39. Rc7+ Kg8 40. d6 Bh5 41. Qd5+ Bf7 42. Rxf7 Qxf7 43. Qxa8+ Kg7 44. hxg5 hxg5 45. Qd5 Qd7 46. Qxe5+ Kg8 47. Qxg5+ Kh8 48. Qe7 Qa4 49. d7 Qd1+ 50. Kg2 Qh1+ 51. Kxh1 a5 52. d8=R# 1-0

[Event "ONJK-A 2019"]
[Site "Borne"]
[Date "2019.08.07"]
[Round "5.5"]
[White "Emans, Job"]
[Black "Van Malder, Dries"]
[Result "0-1"]
[ECO "E11"]
[WhiteElo "1989"]
[BlackElo "2178"]
[Annotator "NA"]
[PlyCount "74"]
[EventDate "2019.08.05"]
[EventType "swiss"]
[EventCountry "NED"]
[SourceTitle "playchess.com"]
[Source "ChessBase"]
[SourceQuality "1"]
[TimeControl "5400+30"]

1. d4 Nf6 2. c4 e6 3. Nf3 Bb4+ 4. Bd2 Qe7 5. g3 Bxd2+ 6. Nbxd2 d6 7. Bg2 e5 8. dxe5 dxe5 9. e3 O-O 10. O-O a5 11. Qc2 Nc6 12. a3 Bg4 13. Ne4 Rad8 14. Nc3 Rfe8 15. Ng5 g6 16. Nge4 Nxe4 17. Bxe4 f5 18. Bd5+ Kg7 19. f3 Bh3 20. Rfe1 Nb8 21. c5 Qxc5 22. Ba2 Rd7 23. b4 axb4 24. axb4 Qxb4 25. Nd5 Qd6 26. Red1 Red8 27. f4 c6 28. Nc3 Qc5 29. Rxd7+ Rxd7 30. Re1 Na6 31. Qb3 Nb4 32. Na4 Qc2 33. Qxc2 Nxc2 34. Rc1 Rd2 35. fxe5 Nxe3 36. Bc4 Rg2+ 37. Kh1 Ng4 0-1

[Event "ONJK-A 2019"]
[Site "Borne"]
[Date "2019.08.07"]
[Round "5.6"]
[White "Hempler, Poul"]
[Black "Butzen, Robin"]
[Result "1-0"]
[ECO "A40"]
[WhiteElo "1856"]
[BlackElo "1967"]
[Annotator "NA"]
[PlyCount "89"]
[EventDate "2019.08.05"]
[EventType "swiss"]
[EventCountry "NED"]
[SourceTitle "playchess.com"]
[Source "ChessBase"]
[SourceQuality "1"]
[TimeControl "5400+30"]

1. e4 b6 2. c4 Bb7 3. Nc3 e6 4. d4 Bb4 5. f3 c5 6. a3 Bxc3+ 7. bxc3 Nc6 8. d5 Na5 9. Be3 d6 10. Bd3 Nf6 11. Qe2 O-O 12. Nh3 Re8 13. O-O Qe7 14. Rfe1 Ba6 15. a4 Nd7 16. Bf4 Nf8 17. Bg3 Ng6 18. Nf2 Rad8 19. Nd1 Qg5 20. Qe3 Qxe3+ 21. Nxe3 exd5 22. exd5 Ne5 23. Bxe5 Rxe5 24. Re2 Rde8 25. Rae1 g6 26. Kf2 f5 27. f4 R5e7 28. Kf3 Kf7 29. h4 h5 30. Kg3 Kf8 31. Kf3 Rd8 32. Kg3 Rdd7 33. Kf3 Ke8 34. Kg3 Kd8 35. Kf3 Kc7 36. Kg3 Rd8 37. Kf3 Rde8 38. Kg3 Bc8 39. Kf3 Kb7 40. Nxf5 Rxe2 41. Nxd6+ Kb8 42. Bxe2 Bg4+ 43. Kf2 Rf8 44. Bxg4 hxg4 45. Kg3 1-0

[Event "ONJK-A 2019"]
[Site "Borne"]
[Date "2019.08.07"]
[Round "5.7"]
[White "Merkon, Oseb"]
[Black "Godde, Matthias"]
[Result "0-1"]
[ECO "A36"]
[WhiteElo "2013"]
[BlackElo "1989"]
[Annotator "NA"]
[PlyCount "86"]
[EventDate "2019.08.05"]
[EventType "swiss"]
[EventCountry "NED"]
[SourceTitle "playchess.com"]
[Source "ChessBase"]
[SourceQuality "1"]
[TimeControl "5400+30"]

1. c4 Nf6 2. Nc3 g6 3. g3 c5 4. Bg2 Bg7 5. e4 d6 6. Nge2 O-O 7. O-O Nc6 8. d3 Ne8 9. Be3 Rb8 10. d4 cxd4 11. Nxd4 Nxd4 12. Bxd4 Bxd4 13. Qxd4 a6 14. f4 Ng7 15. Rad1 Be6 16. Nd5 Re8 17. h3 Qa5 18. b4 Qxa2 19. Ra1 Qb3 20. Rf3 Qc2 21. Ne3 Qb3 22. f5 Bd7 23. Nd5 Qc2 24. Rf2 Qb3 25. Kh2 Rbc8 26. Bf1 gxf5 27. Rb2 Qf3 28. Bg2 Qh5 29. Rf1 fxe4 30. Rbf2 f5 31. g4 fxg4 32. Qxe4 gxh3 33. Nxe7+ Rxe7 34. Qxe7 hxg2+ 35. Kxg2 Bh3+ 36. Kg1 Bxf1 37. Kxf1 Qh1+ 38. Ke2 Re8 39. Rf8+ Rxf8 40. Qxd6 Qe4+ 41. Kd2 Rf2+ 42. Kc3 Rc2+ 43. Kb3 Qxc4+ 0-1

[Event "ONJK-A 2019"]
[Site "Borne"]
[Date "2019.08.07"]
[Round "5.8"]
[White "Vitharana, Annelies"]
[Black "Baselmans, Sam"]
[Result "0-1"]
[ECO "C45"]
[WhiteElo "1768"]
[BlackElo "2064"]
[Annotator "NA"]
[PlyCount "50"]
[EventDate "2019.08.05"]
[EventType "swiss"]
[EventCountry "NED"]
[SourceTitle "playchess.com"]
[Source "ChessBase"]
[SourceQuality "1"]
[TimeControl "5400+30"]

1. e4 e5 2. Nf3 Nc6 3. d4 exd4 4. Nxd4 Bc5 5. Be3 Qf6 6. c3 Nge7 7. Bc4 Ne5 8. Be2 Qg6 9. O-O d6 10. Bh5 Qxe4 11. Nd2 Qh4 12. Nb5 O-O 13. Bxc5 dxc5 14. h3 c6 15. Nd6 Nd5 16. Qe2 f6 17. Nxc8 Raxc8 18. Qd1 Rcd8 19. Be2 Nf4 20. Re1 Qg5 21. g3 Rxd2 22. Qb3+ Kh8 23. Bg4 Nxg4 24. hxg4 Nh3+ 25. Kh1 Nxf2+ 0-1

[Event "ONJK-A 2019"]
[Site "Borne"]
[Date "2019.08.07"]
[Round "5.9"]
[White "Hofstra, Tijmen"]
[Black "Boudry, William"]
[Result "0-1"]
[ECO "B13"]
[WhiteElo "1732"]
[BlackElo "2033"]
[Annotator "NA"]
[PlyCount "64"]
[EventDate "2019.08.05"]
[EventType "swiss"]
[EventCountry "NED"]
[SourceTitle "playchess.com"]
[Source "ChessBase"]
[SourceQuality "1"]
[TimeControl "5400+30"]

1. e4 d6 2. Nf3 Nf6 3. Nc3 c6 4. d4 Bg4 5. Bc4 d5 6. exd5 cxd5 7. Bb5+ Nc6 8. h3 Bh5 9. g4 Bg6 10. Ne5 Rc8 11. Bf4 Qb6 12. a4 a6 13. a5 Qa7 14. Ba4 e6 15. h4 h5 16. g5 Nd7 17. Nxg6 fxg6 18. Be3 Bb4 19. Qd3 Kf7 20. Rh3 Rhf8 21. O-O-O Bxc3 22. bxc3 Qb8 23. Rg1 Qd6 24. Bxc6 Rxc6 25. f4 Qa3+ 26. Kd2 Rfc8 27. c4 Qxa5+ 28. c3 Qa2+ 29. Qc2 Qxc2+ 30. Kxc2 Rxc4 31. Bf2 b5 32. Ra1 R8c6 0-1

[Event "ONJK-A 2019"]
[Site "Borne"]
[Date "2019.08.07"]
[Round "5.10"]
[White "Klaren, Duncan"]
[Black "Vleming, Stefan"]
[Result "0-1"]
[ECO "C45"]
[WhiteElo "1896"]
[BlackElo "1760"]
[Annotator "NA"]
[PlyCount "62"]
[EventDate "2019.08.05"]
[EventType "swiss"]
[EventCountry "NED"]
[SourceTitle "playchess.com"]
[Source "ChessBase"]
[SourceQuality "1"]
[TimeControl "5400+30"]

1. e4 e5 2. Nf3 Nc6 3. d4 exd4 4. Nxd4 Nf6 5. Nxc6 bxc6 6. e5 Qe7 7. Qe2 Nd5 8. c4 Nb4 9. Nc3 a5 10. g3 g6 11. Bg2 Bg7 12. a3 Na6 13. O-O O-O 14. f4 Bb7 15. Ne4 Nc5 16. Bd2 Nxe4 17. Qxe4 Rfe8 18. Rae1 d5 19. cxd5 cxd5 20. Qc2 c5 21. Qb3 a4 22. Qf3 Qd7 23. Bc3 Rab8 24. Qd3 d4 25. Re2 Qe6 26. Bxb7 dxc3 27. Bd5 Red8 28. Rd1 cxb2 29. Red2 Rxd5 30. Qxd5 Qxd5 31. Rxd5 b1=Q 0-1

[Event "ONJK-A 2019"]
[Site "Borne"]
[Date "2019.08.07"]
[Round "5.11"]
[White "Akulova, Alicia"]
[Black "Van Roon, Sjoerd"]
[Result "1-0"]
[ECO "B33"]
[WhiteElo "1702"]
[BlackElo "2072"]
[Annotator "NA"]
[PlyCount "117"]
[EventDate "2019.08.05"]
[EventType "swiss"]
[EventCountry "NED"]
[SourceTitle "playchess.com"]
[Source "ChessBase"]
[SourceQuality "1"]
[TimeControl "5400+30"]

1. e4 c5 2. Nf3 Nc6 3. d4 cxd4 4. Nxd4 Nf6 5. Nc3 e5 6. Ndb5 d6 7. Nd5 Nxd5 8. exd5 Ne7 9. c4 a6 10. Qa4 axb5 11. Qxa8 bxc4 12. Bxc4 f5 13. Bd2 f4 14. Bb5+ Kf7 15. Rc1 Qb6 16. a4 Qd8 17. Ba5 b6 18. Ba6 bxa5 19. Bxc8 Qb6 20. Be6+ Kf6 21. O-O Ng6 22. Rc6 Qb4 23. Qe8 Kg5 24. Qf7 Kh6 25. Rc3 Be7 26. Rh3+ Bh4 27. g3 Rf8 28. Qa7 Rf6 29. gxh4 Nf8 30. h5 Nxe6 31. dxe6 Qc4 32. e7 Qe6 33. e8=Q Qxe8 34. Qb7 e4 35. Qd5 Re6 36. Kh1 Qe7 37. Rg1 Re5 38. Qd2 Rf5 39. Qd4 d5 40. Rc1 Qe6 41. Rb3 Rf6 42. Rd1 Qg4 43. Qxd5 Rf5 44. Qe6+ g6 45. Rg1 Qxh5 46. Qxe4 Qh4 47. Qf3 Rh5 48. h3 Qf6 49. Rg4 Rf5 50. Rb5 g5 51. Rxf5 Qxf5 52. Qc6+ Kh5 53. Qe8+ Kh6 54. Kh2 f3 55. Qc6+ Kh5 56. Rg3 Qe5 57. Qxf3+ Kh6 58. h4 Kg7 59. Qc3 1-0

[Event "ONJK-A 2019"]
[Site "Borne"]
[Date "2019.08.07"]
[Round "5.12"]
[White "Kroon, Gerbrich"]
[Black "De Vries, Tobias"]
[Result "0-1"]
[ECO "A08"]
[WhiteElo "1483"]
[BlackElo "1868"]
[Annotator "NA"]
[PlyCount "102"]
[EventDate "2019.08.05"]
[EventType "swiss"]
[EventCountry "NED"]
[SourceTitle "playchess.com"]
[Source "ChessBase"]
[SourceQuality "1"]
[TimeControl "5400+30"]

1. e4 c5 2. Nf3 Nc6 3. g3 g6 4. Bg2 Bg7 5. O-O e6 6. d3 Nge7 7. c3 O-O 8. Re1 d5 9. Nbd2 b6 10. Nb3 Bb7 11. d4 dxe4 12. Nfd2 cxd4 13. cxd4 Nxd4 14. Nxe4 Nxb3 15. Qxb3 Bd5 16. Qd1 h6 17. Qe2 Nf5 18. Rd1 Qc8 19. Be3 Nxe3 20. fxe3 Rd8 21. Rac1 Qb7 22. Nc3 Bxg2 23. Qxg2 Qxg2+ 24. Kxg2 Bxc3 25. bxc3 Rac8 26. Rxd8+ Rxd8 27. Rc2 Kg7 28. Kf3 f5 29. Kf4 Kf6 30. h4 Rd1 31. Kf3 Ke5 32. Ke2 Rd5 33. Rb2 Rc5 34. Kd3 Kd5 35. Rb4 e5 36. a4 e4+ 37. Kc2 Rc4 38. Rb5+ Kd6 39. Kb3 Rc5 40. Rb4 Ke5 41. Rd4 Rc6 42. Rd7 a5 43. Rd4 g5 44. hxg5 hxg5 45. Rd1 f4 46. gxf4+ gxf4 47. exf4+ Kxf4 48. Re1 Kf3 49. Kc2 e3 50. Kd3 Rd6+ 51. Kc4 e2 {[%emt 0:02:47] Kd4} 0-1

[Event "ONJK-A 2019"]
[Site "Borne"]
[Date "2019.08.08"]
[Round "6.1"]
[White "Noordenbos, Daan"]
[Black "Ypma, Jord"]
[Result "1-0"]
[ECO "B94"]
[WhiteElo "2042"]
[BlackElo "1968"]
[Annotator "NA"]
[PlyCount "71"]
[EventDate "2019.08.05"]
[EventType "swiss"]
[EventCountry "NED"]
[SourceTitle "playchess.com"]
[Source "ChessBase"]
[SourceQuality "1"]
[TimeControl "5400+30"]

1. e4 c5 2. Nf3 d6 3. d4 cxd4 4. Nxd4 Nf6 5. Nc3 a6 6. Bg5 Nbd7 7. Qf3 h6 8. Be3 e5 9. Nb3 b5 10. a4 b4 11. Nd5 Bb7 12. Bc4 Nxd5 13. exd5 Nb6 14. Nd2 Be7 15. a5 Nd7 16. Ra4 Bc8 17. Nb3 Rb8 18. Bd2 O-O 19. Rxb4 Rxb4 20. Bxb4 Bb7 21. Bd3 g6 22. c4 f5 23. Qh3 Kg7 24. g4 Bg5 25. gxf5 gxf5 26. Bxd6 Rf6 27. Bb4 e4 28. Be2 Ne5 29. Nd4 Bc8 30. Qh5 Nd3+ 31. Bxd3 exd3 32. h4 d2+ 33. Kd1 Bf4 34. Rg1+ Kh7 35. Nc6 Qc7 36. Qe8 1-0

[Event "ONJK-A 2019"]
[Site "Borne"]
[Date "2019.08.08"]
[Round "6.2"]
[White "Van Malder, Dries"]
[Black "Maerevoet, Sim"]
[Result "0-1"]
[ECO "B15"]
[WhiteElo "2178"]
[BlackElo "2321"]
[Annotator "NA"]
[PlyCount "84"]
[EventDate "2019.08.05"]
[EventType "swiss"]
[EventCountry "NED"]
[SourceTitle "playchess.com"]
[Source "ChessBase"]
[SourceQuality "1"]
[TimeControl "5400+30"]

1. e4 c6 2. d4 d5 3. Nc3 dxe4 4. Nxe4 Nf6 5. Nxf6+ exf6 6. Bc4 Bd6 7. Qe2+ Qe7 8. Qxe7+ Kxe7 9. Ne2 Be6 10. Bd3 Nd7 11. Bf4 Nb6 12. Bxd6+ Kxd6 13. O-O a5 14. Ng3 Nd5 15. c3 a4 16. a3 Nf4 17. Bc2 h5 18. Rfe1 Ra5 19. Ne4+ Kc7 20. Nc5 b6 21. Nxe6+ Nxe6 22. Bd3 Kd6 23. Rad1 h4 24. Rd2 Rg5 25. f3 b5 26. Bb1 Rh6 27. Bc2 Rhh5 28. Bd1 Rh8 29. Bc2 Rh6 30. Re3 f5 31. Re5 Rhh5 32. b3 axb3 33. Bxb3 h3 34. Bxe6 fxe6 35. a4 bxa4 36. Ra5 f4 37. Rxa4 Rg6 38. Kf1 Rg3 39. c4 hxg2+ 40. Rxg2 Rxf3+ 41. Ke2 Rb3 42. Ra7 f3+ 0-1

[Event "ONJK-A 2019"]
[Site "Borne"]
[Date "2019.08.08"]
[Round "6.3"]
[White "Hilwerda, Jonas"]
[Black "Baselmans, Luuk"]
[Result "1/2-1/2"]
[ECO "C01"]
[WhiteElo "2275"]
[BlackElo "2212"]
[Annotator "NA"]
[PlyCount "67"]
[EventDate "2019.08.05"]
[EventType "swiss"]
[EventCountry "NED"]
[SourceTitle "playchess.com"]
[Source "ChessBase"]
[SourceQuality "1"]
[TimeControl "5400+30"]

1. e4 e6 2. d4 d5 3. exd5 exd5 4. Nc3 c6 5. Bf4 Bd6 6. Qd2 Nf6 7. O-O-O O-O 8. f3 b5 9. Bd3 a5 10. Nge2 a4 11. Bxd6 Qxd6 12. Qf4 Qxf4+ 13. Nxf4 Re8 14. Rhe1 Rxe1 15. Rxe1 Kf8 16. g4 h6 17. h4 g6 18. Nce2 Na6 19. Ng3 Bd7 20. h5 gxh5 21. gxh5 Re8 22. Rxe8+ Kxe8 23. Bf5 Nc7 24. Kd2 Bxf5 25. Nxf5 Ne6 26. Nxe6 fxe6 27. Nxh6 Nxh5 28. Kc3 Ke7 29. Kb4 Kd6 30. Nf7+ Ke7 31. Ne5 Kd6 32. Nf7+ Ke7 33. Ne5 Kd6 34. Nf7+ {[%emt 0:00:34] Ke5} 1/2-1/2

[Event "ONJK-A 2019"]
[Site "Borne"]
[Date "2019.08.08"]
[Round "6.4"]
[White "Shakhverdian, William"]
[Black "Hempler, Poul"]
[Result "1-0"]
[ECO "D45"]
[WhiteElo "2001"]
[BlackElo "1856"]
[Annotator "NA"]
[PlyCount "55"]
[EventDate "2019.08.05"]
[EventType "swiss"]
[EventCountry "NED"]
[SourceTitle "playchess.com"]
[Source "ChessBase"]
[SourceQuality "1"]
[TimeControl "5400+30"]

1. d4 d5 2. c4 c6 3. Nf3 Nf6 4. Nc3 e6 5. e3 Bd6 6. Bd3 O-O 7. O-O b6 8. Re1 Ba6 9. b3 c5 10. Bb2 Re8 11. Rc1 dxc4 12. bxc4 Nc6 13. Nb5 Bxb5 14. cxb5 Nb4 15. Bb1 cxd4 16. Nxd4 Bc5 17. a3 Bxd4 18. Bxd4 Nbd5 19. Be5 Rc8 20. e4 Ne7 21. Qe2 Ng6 22. Rcd1 Nxe5 23. Rxd8 Rexd8 24. Rd1 Ned7 25. Qd3 Rc5 26. f4 Rdc8 27. e5 Rc3 28. Qd6 1-0

[Event "ONJK-A 2019"]
[Site "Borne"]
[Date "2019.08.08"]
[Round "6.5"]
[White "Godde, Matthias"]
[Black "De Bock, Thijs"]
[Result "0-1"]
[ECO "B76"]
[WhiteElo "1989"]
[BlackElo "1870"]
[Annotator "NA"]
[PlyCount "94"]
[EventDate "2019.08.05"]
[EventType "swiss"]
[EventCountry "NED"]
[SourceTitle "playchess.com"]
[Source "ChessBase"]
[SourceQuality "1"]
[TimeControl "5400+30"]

1. e4 c5 2. Nf3 d6 3. d4 cxd4 4. Nxd4 Nf6 5. Nc3 g6 6. Be3 Bg7 7. f3 O-O 8. Qd2 Nc6 9. O-O-O d5 10. Nxc6 bxc6 11. exd5 Nxd5 12. Nxd5 cxd5 13. Qxd5 Qc7 14. Qc5 Qb7 15. Bd4 Bf5 16. Bxg7 Rfc8 17. Qxc8+ Rxc8 18. Bc3 Qb6 19. Bd3 Be6 20. a3 Qd6 21. g3 Qc5 22. Rhe1 Qf2 23. Ba6 Rb8 24. Be5 Re8 25. Bb5 Rc8 26. Bc3 Qxh2 27. Ba6 Re8 28. Be5 Qf2 29. Bb7 Bf5 30. Be4 Bxe4 31. fxe4 f6 32. Bc3 Qxg3 33. e5 f5 34. e6 f4 35. Kb1 f3 36. Rh1 f2 37. Rdf1 Rf8 38. Rxh7 Qxc3 39. bxc3 Kxh7 40. Kc1 g5 41. Kd2 g4 42. Ke2 g3 43. Rh1+ Kg6 44. Kf1 Rf3 45. a4 Rxc3 46. Kg2 Kf6 47. Rh6+ Ke5 0-1

[Event "ONJK-A 2019"]
[Site "Borne"]
[Date "2019.08.08"]
[Round "6.6"]
[White "Baselmans, Sam"]
[Black "Vleming, Stefan"]
[Result "1-0"]
[ECO "C54"]
[WhiteElo "2064"]
[BlackElo "1760"]
[Annotator "NA"]
[PlyCount "69"]
[EventDate "2019.08.05"]
[EventType "swiss"]
[EventCountry "NED"]
[SourceTitle "playchess.com"]
[Source "ChessBase"]
[SourceQuality "1"]
[TimeControl "5400+30"]

1. e4 e5 2. Nf3 Nc6 3. Bc4 Nf6 4. d3 Bc5 5. O-O d6 6. c3 Be6 7. Bb3 Bb6 8. Nbd2 O-O 9. h3 d5 10. Re1 Re8 11. Ng5 Qd7 12. Qe2 Na5 13. Bc2 dxe4 14. dxe4 Rad8 15. a4 c5 16. Nxe6 Qxe6 17. Nf1 c4 18. Ng3 Nd7 19. Be3 Bxe3 20. Qxe3 b6 21. Rad1 Nc5 22. Nf5 Nab3 23. Nxg7 Kxg7 24. Rxd8 Rxd8 25. Qg5+ Qg6 26. Qxd8 Ne6 27. Qd1 h5 28. Bxb3 cxb3 29. Qf3 Kf8 30. Qf5 Qxf5 31. exf5 Nc5 32. Rxe5 Nxa4 33. f6 Nxb2 34. Rxh5 Ke8 35. Rb5 1-0

[Event "ONJK-A 2019"]
[Site "Borne"]
[Date "2019.08.08"]
[Round "6.7"]
[White "Boudry, William"]
[Black "Akulova, Alicia"]
[Result "1-0"]
[ECO "B28"]
[WhiteElo "2033"]
[BlackElo "1702"]
[Annotator "NA"]
[PlyCount "73"]
[EventDate "2019.08.05"]
[EventType "swiss"]
[EventCountry "NED"]
[SourceTitle "playchess.com"]
[Source "ChessBase"]
[SourceQuality "1"]
[TimeControl "5400+30"]

1. e4 c5 2. Nf3 Nc6 3. d4 cxd4 4. Nxd4 a6 5. c4 d6 6. Be3 Qc7 7. Nc3 e6 8. Be2 Nge7 9. O-O Nxd4 10. Qxd4 Nc6 11. Qb6 Qxb6 12. Bxb6 Bd7 13. Rfd1 Na7 14. Bc7 Nc8 15. e5 dxe5 16. Bf3 Be7 17. Bxe5 f6 18. Rxd7 Kxd7 19. Rd1+ Ke8 20. Bxb7 fxe5 21. Bxa8 Nb6 22. Bc6+ Kf7 23. b3 a5 24. Ne4 Rb8 25. c5 Rc8 26. cxb6 Rxc6 27. b7 Rb6 28. Rd7 a4 29. g3 axb3 30. axb3 Rxb3 31. Rc7 h6 32. Kg2 Rb6 33. Nd6+ Kf6 34. Nc8 Bd8 35. Nxb6 Bxc7 36. b8=Q Bxb8 37. Nd7+ 1-0